 Dungeon Crawl Stone Soup version 0.26.1-11-gd32895ea62 (webtiles) character file.

Game seed: 7788355938164848064

2786 Gwenloh the Geomancer (level 9, -1/68 HPs)
             Began as a Deep Dwarf Earth Elementalist on May 7, 2021.
             Was an Elder of Zin.
             Slain by a hellwing (5 damage)
             ... on level 7 of the Dungeon on May 8, 2021.
             The game lasted 00:50:35 (11090 turns).

Gwenloh the Geomancer (DDEE)                       Turns: 11090, Time: 00:50:38

Health: -1/68      AC:  7    Str: 12    XL:     9   Next: 43%
Magic:  9/15       EV: 13    Int: 19    God:    Zin [****..]
Gold:   580        SH:  0    Dex: 19    Spells: 5/16 levels left

rFire    . . .     SeeInvis +   y - +2 flail (holy)
rCold    . . .     Faith    .   (no shield)
rNeg     . . .     Spirit   .   c - +0 robe
rPois    .         Reflect  .   (no helmet)
rElec    .         Harm     .   K - +2 cloak
rCorr    .         Rampage  .   n - +0 pair of gloves
Will     +....                  a - +0 pair of boots
Stlth    +.........             (no amulet)
HPRegen  0.00/turn              e - ring of see invisible
MPRegen  0.14/turn              x - +6 ring of dexterity

@: mighty, silence, non-regenerating
A: damage resistance, heal wounds, sense surroundings 2, no regeneration
a: Heal Wounds, Renounce Religion


You were on level 7 of the Dungeon.
You worshipped Zin.
Zin was greatly pleased with you.
You visited 2 branches of the dungeon, and saw 9 of its levels.
You also visited: Bailey.

You collected 644 gold pieces.
You donated 64 gold pieces to Zin.

Inventory:

Hand Weapons
 o - a +1 rapier
 y - a +2 flail of holy wrath (weapon)
Missiles
 b - 69 stones
 E - 28 poisoned darts
 I - 21 boomerangs (quivered)
Armour
 a - a +0 pair of boots (worn)
 c - a +0 robe (worn)
 l - a scarf of invisibility
 n - a +0 pair of gloves (worn)
 w - a cursed +0 ring mail
 K - a +2 cloak (worn)
Jewellery
 e - a ring of see invisible (left hand)
 q - a +6 ring of strength
 s - an uncursed ring of resist corrosion
 x - a +6 ring of dexterity (right hand)
 B - an uncursed ring of protection from fire {unknown}
Wands
 G - a wand of paralysis (14)
 M - a wand of flame (12)
 O - a wand of disintegration (15)
Scrolls
 g - a scroll of fear
 h - a scroll of magic mapping
 k - 3 scrolls of enchant armour
 D - 4 scrolls of remove curse
 J - 2 scrolls of teleportation {unknown}
 P - a scroll of identify
Potions
 d - 4 potions of curing
 i - a potion of might
 j - 3 potions of brilliance
 m - 3 potions of lignification
 p - a potion of magic {unknown}
 r - 3 potions of attraction {unknown}
 u - a potion of degeneration {unknown}
 v - a potion of resistance {unknown}
 C - a potion of cancellation {unknown}
 L - a potion of haste {unknown}
 N - a potion of flight {unknown}


   Skills:
 - Level 2.1 Dodging
 - Level 2.4 Stealth
 + Level 4.1 Spellcasting
 + Level 5.2 Conjurations
 - Level 0.8 Transmutations
 * Level 12.4 Earth Magic
 + Level 6.6 Invocations


You had 5 spell levels left.
You knew the following spells:

 Your Spells              Type           Power        Failure   Level
a - Sandblast             Erth           100%         1%          1
b - Stone Arrow           Conj/Erth      74%          1%          3
c - Lee's Rapid Deconstr  Erth           25%          2%          5
d - Passwall              Tmut/Erth      24%          1%          2

Your spell library contained the following spells:

 Spells                   Type           Power        Failure   Level
 Petrify                  Tmut/Erth      29%          9%          4
 Animate Skeleton         Necr           6%           14%         1
 Pain                     Necr           12%          14%         1
 Vampiric Draining        Necr           1%           38%         3
 Animate Dead             Necr           1%           80%         4
 Agony                    Necr           3%           98%         5


Dungeon Overview and Level Annotations

Branches:
Dungeon (8/15)             Temple (1/1) D:4          Bailey (visited)
   Lair: D:8-11

Altars:
Cheibriados
Dithmenos
Gozag
Hepliaklqana
Kikubaaqudgha
Makhleb
Nemelex Xobeh
Okawaru
Ru
Sif Muna
Trog
Uskayaw
Vehumet
Wu Jian
Xom
Yredelemnul
Zin
The Shining One

Annotations:
D:4 3 runed translucent doors, Zeebu's ghost, amateur GrFi
D:5 1 runed translucent door, Crazy Yiuf


Innate Abilities, Weirdness & Mutations

You are resistant to damage.
You can heal yourself by infusing magical energy.
You passively map the area around you.
You do not regenerate.


Message History

The hellwing hits you.
* * * LOW HITPOINT WARNING * * *
You feel mightier all of a sudden. The hellwing barely misses you.
The hellwing misses you.
You thump the hellwing!
The hellwing convulses.
The hellwing is moderately wounded.
The hellwing misses you. The hellwing hits you.
* * * LOW HITPOINT WARNING * * *
You closely miss the hellwing.
The hellwing is moderately wounded.
The hellwing barely misses you.
The hellwing hits you but does no damage.
You closely miss the hellwing.
The hellwing is moderately wounded.
The hellwing hits you!
* * * LOW HITPOINT WARNING * * *
The hellwing closely misses you.
The hellwing hits you but does no damage.
The hellwing hits you!
You die...

.######.[.[.###..#
...######.....#.##
.....######.....# #########
.......# ###..## ####........
......## ##(# ##...........
......# ####..## #.>..........
......####......## #............
.....###.......4.####............
........^.....##@..##............
.............####.[.#............
.............# ###[.##.........#
........#...## ##(.##........#
....#####..## ##(.##......##
.#### ##..# ##..###...### ##
#..## ##..###.#### ##..#
##...#)...) ##..## ##.....###


You could see a hellwing.

Vanquished Creatures
  Menkaure (D:5)
  Edmund (D:4)
  2 ice beasts
  2 sky beasts
  3 ogres
  3 centaurs
  Blork the orc (D:6)
  2 bullfrogs
  A water moccasin zombie (D:7)
  4 scorpions
  6 killer bees (D:7)
  5 wights (D:7)
  2 howler monkeys (D:7)
  A quasit (D:8)
  2 hounds
  A gnoll shaman (D:5)
  4 orc priests
  A bullfrog skeleton (D:5)
  2 orc wizards
  2 iguanas
  2 worker ants
  A hound zombie (D:6)
  A hound skeleton (D:4)
  Robin (D:4)
  11 gnolls
  9 adders
  A howler monkey skeleton (D:5)
  A shadow imp (D:6)
  A white imp (D:5)
  2 oozes
  2 ufetubi (D:5)
  3 worms
  4 dart slugs
  5 leopard geckos
  13 orcs
  4 giant cockroaches
  14 goblins
  10 hobgoblins
  7 jackals (D:3)
  3 quokkas
  A ball python (D:6)
  5 bats
  5 frilled lizards
  A giant cockroach zombie (D:5)
  7 kobolds
  6 rats
166 creatures vanquished.

Vanquished Creatures (others)
  7 withered plants (D:8)
7 creatures vanquished.

Grand Total: 173 creatures vanquished

Notes
Turn   | Place    | Note
-------+----------+-------------------------------------------
     0 | D:1      | Gwenloh the Deep Dwarf Earth Elementalist began the quest
                  | for the Orb.
     0 | D:1      | Reached XP level 1. HP: 15/15 MP: 3/3
   259 | D:1      | Reached XP level 2. HP: 22/22 MP: 0/4
   262 | D:1      | Learned a level 2 spell: Passwall
   362 | D:1      | Reached skill level 5 in Earth Magic
   838 | D:1      | Reached XP level 3. HP: 24/28 MP: 5/5
  1462 | D:2      | Reached skill level 6 in Earth Magic
  1485 | D:2      | Found a sacrificial altar of Ru.
  1828 | D:2      | Reached XP level 4. HP: 23/36 MP: 6/6
  1832 | D:2      | Learned a level 3 spell: Stone Arrow
  2621 | D:3      | Reached skill level 7 in Earth Magic
  2839 | D:3      | Reached skill level 1 in Conjurations
  3209 | D:3      | Reached XP level 5. HP: 22/42 MP: 0/7
  3405 | D:4      | Noticed Zeebu's ghost (amateur GrFi)
  3414 | D:4      | Found a runed translucent gate.
  3414 | D:4      | Found a runed translucent gate.
  3416 | D:4      | Found a runed translucent gate.
  3448 | D:4      | Noticed Edmund
  3471 | D:4      | Killed Edmund
  3472 | D:4      | Reached skill level 8 in Earth Magic
  3582 | D:4      | Found a staircase to the Ecumenical Temple.
  3589 | Temple   | Entered the Ecumenical Temple
  3829 | Temple   | Became a worshipper of Zin the Law-Giver
  3829 | Temple   | Reached * piety under Zin
  4206 | D:4      | Reached XP level 6. HP: 21/49 MP: 3/8
  4357 | D:4      | Noticed Robin
  4362 | D:4      | Killed Robin
  4620 | D:4      | Reached ** piety under Zin
  4894 | D:5      | Entered Level 5 of the Dungeon
  4894 | D:5      | Noticed a sky beast
  4898 | D:5      | Killed a sky beast
  4899 | D:5      | Reached skill level 1 in Invocations
  5062 | D:5      | Found a runed translucent door.
  5063 | D:5      | Noticed Crazy Yiuf
  5274 | D:5      | Noticed an ice beast
  5488 | D:5      | Reached skill level 9 in Earth Magic
  5488 | D:5      | Reached XP level 7. HP: 24/55 MP: 2/9
  5916 | D:4      | Reached *** piety under Zin
  6425 | D:5      | Reached skill level 10 in Earth Magic
  6750 | D:5      | Found a glowing golden altar of the Shining One.
  6902 | D:5      | Found a shimmering blue altar of Sif Muna.
  6942 | D:5      | Noticed Menkaure
  7242 | D:5      | Killed Menkaure
  7243 | D:5      | Reached XP level 8. HP: 7/62 MP: 2/11
  7249 | D:5      | Learned a level 5 spell: Lee's Rapid Deconstruction
  7503 | D:6      | Noticed Blork the orc
  7511 | D:6      | Killed Blork the orc
  8310 | D:6      | Reached **** piety under Zin
  8323 | D:6      | Found a bloodstained altar of Trog.
  8323 | D:6      | Found an ornate altar of the Wu Jian Council.
  8507 | D:6      | Reached skill level 11 in Earth Magic
  8825 | D:7      | Reached skill level 5 in Invocations
  9025 | D:7      | Found a hazy altar of Hepliaklqana.
  9065 | D:7      | Found a flagged portal.
  9162 | Bailey   | Entered a bailey
  9680 | D:7      | Found an iron altar of Okawaru.
  9715 | D:7      | Gained mutation: You passively map the area around you.
                  | [Deep Dwarf growth]
  9715 | D:7      | Reached XP level 9. HP: 48/68 MP: 8/14
 10222 | D:7      | Reached skill level 12 in Earth Magic
 10344 | D:7      | Reached skill level 5 in Conjurations
 11020 | D:8      | Noticed a hellwing
 11035 | D:8      | HP: 3/68 [hellwing (2)]
 11052 | D:7      | HP: 2/68 [hellwing (9)]
 11072 | D:7      | HP: 2/68 [hellwing (7)]
 11090 | D:7      | Slain by a hellwing

Illustrated notes

Levels and vault maps discovered:
D:1:      dpeg_arrival_rooms_a, layout_basic, minmay_pentomino_z4
D:2:      layout_basic, nicolae_ru_the_path_less_chosen
D:3:      layout_loops_ring
D:4:      layout_loops_corners, temple_fountains, gammafunk_ghost_split,
          minmay_misc_feat_room, uniq_robin, uniq_edmund
D:5:      layout_rooms, old_standard_altar, st_stairs_3, lemuel_blue_sif_altar,
          uniq_menkaure, uniq_crazy_yiuf_cottage
D:6:      layout_cave_pods, gammafunk_temple_overflow_elements,
          chequers_serial_rivers_micro_b, uniq_blork_the_orc
D:7:      layout_cave_pods, lemuel_round_altar, enter_bailey_4,
          okawaru_altar_gauntlet_db
D:8:      cheibrodos_grave_circle, layout_gridville, fedhas_altar_decomposition,
          grunt_qazlal_sundering, serial_shops, nicolae_shop_overgrown_old_shop,
          serial_co_window_serial, co_window_corner_a, co_window_paths_a,
          co_window_cross_1, co_window_paths_b, co_window_corner_a,
          co_window_corner_ca, co_window_paths_c, co_window_corner_cb,
          co_window_cross_3, glass_columns_a, glass_columns_a, glass_columns_a,
          nrook_loot_triangle, serial_bayou_lagoon_a, kennysheep_generic_room_9,
          uniq_maurice
Temple:   nicolae_temple_figure_eight

Skill      XL: |  1  2  3  4  5  6  7  8  9 |
---------------+----------------------------+-----
Earth Magic    | 5 6 7 8 9 10 11 12 | 12.4
Conjurations   | 1 2 3 4 5 |  5.2
Invocations    | 2 4 5 6 |  6.6
Spellcasting   | 2 3 4 |  4.1
Dodging        | |  2.1
Stealth        | |  2.4
Transmutations | |  0.8

Action                   |  1- 3 |  4- 6 |  7- 9 || total
-------------------------+-------+-------+-------++-------
Melee: Unarmed           |     9 |       |       ||     9
       Rapier            |     2 |     7 |    11 ||    20
       Flail             |       |       |     7 ||     7
Throw: Boomerang         |    69 |    24 |     5 ||    98
       Stone             |       |     1 |     1 ||     2
       Dart              |       |       |    70 ||    70
 Cast: Sandblast         |    34 |    19 |    53 ||   106
       Stone Arrow       |       |    37 |    80 ||   117
       Lee's Rapid Decon |       |       |    12 ||    12
Invok: Recite            |       |       |     8 ||     8
       Vitalisation      |       |       |     2 ||     2
 Abil: Heal Wounds       |       |       |     8 ||     8
  Use: Scroll            |       |     7 |     8 ||    15
       Potion            |       |       |     2 ||     2
 Stab: Confused          |       |       |     1 ||     1
Armor: Robe              |     6 |     2 |    33 ||    41
Dodge: Dodged            |    13 |    10 |   109 ||   132
